 Dungeon Crawl Stone Soup version 0.32-a0-841-g4648e6c457 (webtiles) character file.

Game seed: 6386044699187417820

364 Pooter the Digger (level 6, -5/57 HPs)
             Began as a Troll Earth Elementalist on Mar 26, 2024.
             Was a Believer of Ru.
             Slain by a bullfrog (8 damage)
             ... in a sewer.
             The game lasted 00:22:43 (2735 turns).

Pooter the Digger (Troll Earth Elementalist)        Turns: 2735, Time: 00:22:43

Health: -5/57      AC:  4    Str: 19    XL:     6   Next: 39%
Magic:  0/8        EV:  8    Int: 11    God:    Ru [**....]
Gold:   95         SH:  0    Dex: 10    Spells: 5/9 levels left

rFire   . .          .
                       - Unarmed
rCold   + . .        (no shield)
rNeg    . . .        v - +0 robe
rPois   .            (helmet restricted)
rElec   .            (no cloak)
rCorr   .            (gloves unavailable)
SInv    .            (boots unavailable)
Will    .....        G - amulet of guardian spirit Stlth
                     g - ring of flight
HPRegen 1.09/turn    I - ring of protection from cold
MPRegen 0.11/turn

%: guardian spirit
@: flying, unable to read
A: large, unfitting armour, claws 3, regeneration 1, shaggy fur 1, tough skin 1,
inability to read after injury 2, no stealth
a: Renounce Religion


You were in a sewer.
You worshipped Ru.
Ru was pleased with you.
You visited 1 branch of the dungeon, and saw 3 of its levels.
You also visited: Sewer.

You collected 95 gold pieces.

Inventory:

Hand Weapons
 b - a +0 sling
   (You found it on level 1 of the Dungeon)
 n - a +0 trident
   (You took it off an orc on level 3 of the Dungeon)
Missiles
 f - 8 poisoned darts
 j - 5 datura-tipped darts
 Q - 20 stones
Armour
 v - a +0 robe (worn)
Jewellery
 g - a ring of flight (left claw)
   (You found it on level 1 of the Dungeon)
 i - an amulet of faith {!P}
   (You found it on level 3 of the Dungeon)
 G - an amulet of guardian spirit (around neck)
   (You found it on level 1 of the Dungeon)
 I - a ring of protection from cold (right claw)
   (You found it on level 1 of the Dungeon)
Scrolls
 e - a scroll of vulnerability {!r}
 o - 3 scrolls of noise {unknown}
 p - a scroll of blinking {unknown}
 q - a scroll of fear {unknown}
 r - a scroll of poison {unknown}
Potions
 a - 3 potions of enlightenment {unknown}
 c - 3 potions of curing {@q1}
 d - a potion of lignification {unknown}
 h - a potion of magic
 k - 3 potions of heal wounds {unknown}
 l - a potion of resistance {unknown}
 m - a potion of cancellation {unknown}


   Skills:
 + Level 2.1 Fighting
 - Level 1.5 Dodging
 + Level 2.6 Unarmed Combat
 + Level 2.1 Spellcasting
 + Level 2.1 Conjurations
 + Level 3.8 Earth Magic


You had 5 spell levels left.
You knew the following spells:

 Your Spells              Type           Power      Damage    Failure   Level
a - Sandblast             Erth           18%        2d7       6%          1
b - Stone Arrow           Conj/Erth      14%        3d7       26%         3

Your spell library contained the following spells:

 Spells                   Type           Power      Damage    Failure   Level
 Passwall                 Erth           9%         N/A       19%         3
 Brom's Barrelling Bould  Conj/Erth      7%         2d3       63%         4
 Petrify                  Alch/Erth      5%         N/A       78%         4


Dungeon Overview and Level Annotations

Branches:
Dungeon (3/15) Zot: 15604   Sewer (1/1) Zot: 5641

Altars:
Ru


Innate Abilities, Weirdness & Mutations

You are too large for most types of armour.
You have claws for hands.
Your natural rate of healing is unusually fast.
You are covered in fur. (AC +1)
You have tough skin. (AC +1)
You sometimes lose the ability to read scrolls when taking damage.
You cannot be stealthy.


Message History

The ball python closely misses you. The ball python bites you.
* * * LOW HITPOINT WARNING * * *
The bullfrog closely misses you.
You scratch the bullfrog but do no damage.
You feel sick. The ball python closely misses you. The ball python bites you.
* * * LOW HITPOINT WARNING * * *
The bullfrog closely misses you.
The ball python bites you but does no damage.
The ball python completely misses you.
The ball python bites you but does no damage.
You scratch the bullfrog but do no damage.
You feel sick. The bullfrog hits you.
* * * LOW MAGIC WARNING * * *
* * * LOW HITPOINT WARNING * * *
You feel threatened and lose the ability to read scrolls!
The ball python bites you but does no damage.
The ball python closely misses you. The ball python completely misses you.
The bullfrog closely misses you. The ball python barely misses you.
The ball python bites you but does no damage.
You closely miss the bullfrog.
You feel sick.
You are no longer poisoned.
The ball python closely misses you. The ball python bites you.
* * * LOW HITPOINT WARNING * * *
The bullfrog hits you.
* * * LOW MAGIC WARNING * * *
* * * LOW HITPOINT WARNING * * *
The ball python barely misses you. x2
You closely miss the bullfrog.
The ball python bites you but does no damage.
The bullfrog closely misses you. The ball python closely misses you.
The ball python bites you.
* * * LOW HITPOINT WARNING * * *
The ball python barely misses you.
You scratch the bullfrog. The bullfrog hits you.
* * * LOW HITPOINT WARNING * * *
The ball python bites you but does no damage.
The ball python barely misses you. The ball python bites you.
* * * LOW HITPOINT WARNING * * *
The ball python closely misses you. The bullfrog hits you.
* * * LOW HITPOINT WARNING * * *
The ball python bites you.
* * * LOW MAGIC WARNING * * *
* * * LOW HITPOINT WARNING * * *
The ball python completely misses you.
Unknown command.
You claw the bullfrog!
The bullfrog swells and bulges.
The bullfrog hits you!
You die...
Ru respects your ultimate sacrifice.

#≈~~~~≈#
#~~~~~≈#
#≈~~~~≈#
#~~~≈≈≈#
#≈~~~~≈#
#~~~†≈≈#
#~≈~~≈≈#
#≈~~~~≈#
#~~#~≈≈#
#≈~[.~~#
#~.~≈≈≈#
##~~~~≈#
#~.~≈≈≈#
#≈≈~~~~#
#~~#~SS#
#≈≈~~~~#
#~#~SS@#
#≈~~~~~#
#≈~~~FS#
#~~~~~≈#
#≈~~~~≈#
#~~~~≈≈#
#~≈~~~~#
#~~~≈≈≈#
#~~~≈~~#
#~~~~~~###
##~~~~##
##~~~~###.
.....
#......##.
#.....
##......##
#........


You could see a bullfrog and 5 ball pythons.

Vanquished Creatures
  A bullfrog (Sewer)
  Jessica (D:2)
  A gnoll (D:3)
  7 river rats
  12 adders
  A dart slug (D:3)
  3 ribbon worms
  2 orcs (D:3)
  9 ball pythons
  7 endoplasms
  5 giant cockroaches
  3 goblins
  3 hobgoblins
  2 jackals (D:2)
  4 kobolds
  A quokka (D:1)
  A bat (D:1)
  5 frilled lizards
  30 rats
98 creatures vanquished.

Vanquished Creatures (others)
  A ball python (Sewer)
1 creature vanquished.

Grand Total: 99 creatures vanquished

Notes
Turn   | Place    | Note
-------+----------+-------------------------------------------
     0 | D:1      | Pooter the Troll Earth Elementalist began the quest for the
                  | Orb.
     0 | D:1      | Reached XP level 1. HP: 16/16 MP: 1/1
   309 | D:1      | Reached XP level 2. HP: 23/26 MP: 3/3
   424 | D:1      | Reached skill level 1 in Conjurations
   932 | D:1      | Found a faded altar of an unknown god.
   937 | D:1      | Prayed at the altar of an unknown god.
   937 | D:1      | Became a worshipper of Ru the Awakened
   953 | D:1      | Gained mutation: You occasionally lose the ability to read
                  | scrolls when taking damage. [Ru sacrifice]
   953 | D:1      | Gained mutation: You sometimes lose the ability to read
                  | scrolls when taking damage. [Ru sacrifice]
   953 | D:1      | Reached * piety under Ru
  1149 | D:2      | Noticed Jessica
  1210 | D:2      | Killed Jessica
  1211 | D:2      | Reached skill level 1 in Fighting
  1211 | D:2      | Reached skill level 1 in Unarmed Combat
  1211 | D:2      | Reached skill level 3 in Earth Magic
  1211 | D:2      | Reached XP level 3. HP: 21/33 MP: 0/4
  1395 | D:2      | Reached XP level 4. HP: 40/41 MP: 3/5
  1426 | D:2      | Learned a level 3 spell: Stone Arrow
  2265 | D:3      | Reached XP level 5. HP: 48/48 MP: 4/6
  2367 | D:3      | Found a glowing drain.
  2383 | Sewer    | Entered a sewer
  2633 | Sewer    | Gained mutation: You cannot be stealthy. [Ru sacrifice]
  2633 | Sewer    | Reached ** piety under Ru
  2639 | Sewer    | Reached XP level 6. HP: 57/57 MP: 8/8
  2734 | Sewer    | HP: 2/57 [ball python (2)]
  2735 | Sewer    | Slain by a bullfrog

Illustrated notes

Levels and vault maps discovered:
D:1:      nicolae_arrival_memento_mori, layout_basic, serial_glass,
          glass_columns_c, glass_columns_b,
          shapermc_ecumenical_altar_hornbeckon, corner_web_ring,
          minmay_misc_feat_nine_boxes, nicolae_concentric_dashed_squares_wild
D:2:      layout_basic, minmay_misc_feat_columns, uniq_jessica
D:3:      cheibrodos_fertilizer, layout_basic, portal_sewer_entry_e,
          minmay_checkerbox
Sewer:    sewer_minmay_w

Skill      XL: |  1  2  3  4  5  6 |
---------------+-------------------+-----
Conjurations   | 1 2 |  2.1
Fighting       | 1 2 |  2.1
Unarmed Combat | 1 2 |  2.6
Earth Magic    | 3 |  3.8
Spellcasting   | 2 |  2.1
Stealth        | 0 |  0.0
Dodging        | |  1.5

Action                     |  1- 3 |  4- 6 || total
---------------------------+-------+-------++-------
  Melee: Unarmed           |    43 |   132 ||   175
         Punch             |       |     3 ||     3
   Fire: Sling             |    35 |    41 ||    76
  Throw: Stone             |       |     1 ||     1
   Cast: Sandblast         |     3 |    16 ||    19
 Invoke: Sacrifice Words   |     1 |       ||     1
         Sacrifice Stealth |       |     1 ||     1
    Use: Scroll            |     1 |     2 ||     3
   Stab: Sleeping          |     1 |       ||     1
 Armour: Robe              |    21 |   165 ||   186
  Dodge: Dodged            |    18 |   107 ||   125

Table legend: (Time is in decaauts)
 A = Elapsed time spent in this place.
 B = Non-inter-level travel time spent in this place.
 C = Inter-level travel time spent in this place.
 D = Time resting spent in this place.
 E = Time spent auto-exploring this place.
 F = Levels seen in this place.
 G = Mean time per level.
                   A        B        C        D        E       F      G
               +--------+--------+--------+--------+--------+-----+--------+
         Total |   2752 |   2730 |     22 |    244 |   1676 |   4 |  688.0 |
       Dungeon |   2395 |   2373 |     22 |    182 |   1528 |   3 |  798.3 |
         Sewer |    357 |    357 |      0 |     62 |    148 |   1 |  357.0 |
               +--------+--------+--------+--------+--------+-----+--------+

Top non-repeatable levels by time:
     D:2: 1024 daAuts
     D:1: 963 daAuts
     D:3: 407 daAuts
   Sewer: 357 daAuts
